 Dungeon Crawl Stone Soup version 0.18.1-8-gdd0e5ea (webtiles) character file.

370 Gagarin the Covert (level 7, -1/40 HPs)
             Began as a Kobold Assassin on June 7, 2016.
             Was an Initiate of Dithmenos.
             Slain by a centaur skeleton (7 damage)
             ... on level 6 of the Dungeon.
             The game lasted 00:22:25 (4452 turns).

Gagarin the Covert (Kobold Assassin)                Turns: 4452, Time: 00:22:25

Health: -1/40      AC:  4    Str:  9    XL:     7   Next: 2%
Magic:  7/7        EV: 17    Int:  9    God:    Dithmenos [......]
Gold:   209        SH:  0    Dex: 20    Spells: 0 memorised, 6 levels left

rFire  . . .     SeeInvis .     a - +2 dagger
rCold  . . .     Gourm    .     c - +0 robe
rNeg   . . .     Faith    .     (shield restricted)
rPois  .         Spirit   .     (no helmet)
rElec  .         Dismiss  .     d - +0 cloak
rCorr  .         Reflect  .     (no gloves)
SustAt .         Harm     .     t - +0 pair of boots
MR     .....                    (no amulet)
Stlth  +++++.....               (no ring)
                                (no ring)

@: not resistant to hostile enchantments, quite stealthy
A: carnivore 3
a: Renounce Religion


You were on level 6 of the Dungeon.
You worshipped Dithmenos.
Dithmenos was noncommittal.
You were very hungry.

You visited 1 branch of the dungeon, and saw 6 of its levels.

You collected 209 gold pieces.

Inventory:

Hand Weapons
 a - a +2 dagger (weapon)
 b - a +0 blowgun
Missiles
 e - 5 poisoned needles
 h - a curare-tipped needle
 k - 65 bolts
 s - 41 arrows
Armour
 c - a +0 robe (worn)
 d - a +0 cloak (worn)
 t - a +0 pair of boots (worn)
Jewellery
 y - a +5 ring of strength {unknown}
 B - an uncursed ring of sustain attributes {unknown}
Scrolls
 i - 2 scrolls of identify {unknown}
 j - 2 scrolls of noise
 n - 2 scrolls of remove curse
 p - a scroll of teleportation
 r - 2 scrolls of fear {unknown}
 u - a scroll of random uselessness {unknown}
 x - a scroll of enchant weapon {unknown}
 C - 4 scrolls of recharging
 E - a scroll of blinking {unknown}
Potions
 l - a potion of ambrosia {unknown}
 m - a potion of magic {unknown}
 o - a potion of flight {unknown}
 q - 2 potions of invisibility {unknown}
 v - a potion of berserk rage {unknown}
 w - a potion of mutation {unknown}
 z - a potion of cancellation {unknown}
 A - 2 potions of heal wounds {unknown}
 F - a potion of might {unknown}
Comestibles
 f - 2 chunks of flesh
 g - 3 meat rations
 D - a beef jerky
 G - a royal jelly
 H - a slice of pizza


   Skills:
 + Level 2.4 Fighting
 + Level 3.1 Short Blades
 + Level 3.2 Throwing
 + Level 3.8 Dodging
 * Level 9.1 Stealth


You had 6 spell levels left.
You didn't know any spells.

Dungeon Overview and Level Annotations

Branches:
Dungeon (6/15)
 Temple: D:4-7

Altars:
Dithmenos
Elyvilon
Fedhas
Gozag
Kikubaaqudgha
Okawaru
Pakellas
Qazlal
Ru
Vehumet
Yredelemnul
Zin

Shops:
D:3 *

Annotations:
D:4 exclusion: statue, Liquid's ghost, amateur HEHu


Innate Abilities, Weirdness & Mutations

You are small and have problems with some larger weapons.
You are carnivorous and can eat meat at any time.


Message History

The centaur skeleton hits you! The hungry ghost hits you.
You feel a lot more hungry.
You closely miss the hungry ghost.
The hungry ghost is lightly damaged.
The centaur skeleton misses you. The hungry ghost hits you.
You feel a lot more hungry.
You hit the centaur skeleton. The centaur skeleton misses you.
The hungry ghost hits you.
You are feeling very hungry.
The centaur skeleton hits you.
* * * LOW HITPOINT WARNING * * *
The centaur skeleton hits you.
* * * LOW HITPOINT WARNING * * *
The centaur skeleton closely misses you.
The centaur skeleton hits you but does no damage.
The centaur skeleton misses you.
Found a pink potion.
An orc comes into view. It is wielding a mace.
The centaur skeleton hits you!
You die...

#.
####....##......#
#..
#....###.##.##
#o. #..#.# #.# .#
!.. #..#.# #.# #
#.#####....###..
#......W.........
##..O.....######
#.Z###...#
#@.......#
#.......###......
##.#.####
#....### # .#...#
.....# ..## #.##
#...


You could see a hungry ghost, an ogre and a centaur skeleton.

Vanquished Creatures
  A scorpion (D:4)
  A hound (D:5)
  A jelly (D:4)
  Jessica (D:2)
  A worker ant (D:6)
  A hound skeleton (D:5)
  3 gnolls (D:4)
  5 adders
  2 oozes (D:1)
  2 adder skeletons (D:4)
  6 worms
  3 dart slugs
  4 giant geckos
  5 orcs (D:4)
  8 giant cockroaches
  8 goblins
  5 hobgoblins
  A quokka (D:5)
  3 ball pythons
  12 bats
  2 giant newts (D:2)
  A jackal zombie (D:6)
  4 kobolds
  7 rats
87 creatures vanquished.

Vanquished Creatures (others)
  A manticore (D:3)
1 creature vanquished.

Grand Total: 88 creatures vanquished

Notes
Turn   | Place    | Note
--------------------------------------------------------------
     0 | D:1      | Gagarin the Kobold Assassin began the quest for the Orb.
     0 | D:1      | Reached XP level 1. HP: 12/12 MP: 1/1
   206 | D:1      | Reached XP level 2. HP: 17/17 MP: 2/2
   261 | D:1      | Reached skill level 6 in Stealth
   499 | D:1      | Reached XP level 3. HP: 12/21 MP: 3/3
  1283 | D:2      | Found a white marble altar of Elyvilon.
  1295 | D:2      | Reached XP level 4. HP: 13/26 MP: 4/4
  1713 | D:2      | Noticed Jessica
  1722 | D:2      | Killed Jessica
  1722 | D:2      | Reached skill level 7 in Stealth
  1769 | D:2      | Found an iron altar of Okawaru.
  1781 | D:2      | Found an opulent altar of Gozag.
  1845 | D:2      | Found an ancient bone altar of Kikubaaqudgha.
  1859 | D:2      | Found a basalt altar of Yredelemnul.
  1881 | D:2      | Reached XP level 5. HP: 31/31 MP: 5/5
  2278 | D:3      | Found an oddly glowing altar of Pakellas.
  2279 | D:3      | Noticed a manticore
  2284 | D:3      | Killed a manticore
  2335 | D:3      | Found a stormy altar of Qazlal.
  2346 | D:3      | Found a faded altar to an unknown god.
  2439 | D:3      | Found Zin's Purification Station.
  2450 | D:3      | Found a glowing silver altar of Zin.
  3108 | D:4      | Noticed Liquid's ghost (amateur HEHu)
  3122 | D:4      | Reached XP level 6. HP: 36/36 MP: 6/6
  3171 | D:4      | Reached skill level 8 in Stealth
  3337 | D:4      | Found a shadowy altar of Dithmenos.
  3343 | D:4      | Became a worshipper of Dithmenos the Shadowed
  3671 | D:4      | Found a radiant altar of Vehumet.
  3787 | D:5      | Entered Level 5 of the Dungeon
  3787 | D:5      | Found a blossoming altar of Fedhas.
  3841 | D:5      | Found a sacrificial altar of Ru.
  4344 | D:6      | Reached skill level 9 in Stealth
  4344 | D:6      | Reached XP level 7. HP: 40/40 MP: 7/7
  4423 | D:6      | Noticed a hungry ghost
  4452 | D:6      | Slain by a centaur skeleton

Skill      XL: |  1  2  3  4  5  6 |
---------------+-------------------+-----
Stealth        | 6 7 9 |  9.1
Dodging        | 2 3 |  3.8
Short Blades   | 3 |  3.1
Throwing       | 3 |  3.2
Fighting       | |  2.4

Action                   |  1- 3 |  4- 6 |  7- 9 || total
-------------------------+-------+-------+-------++-------
Melee: Dagger            |   119 |   135 |     8 ||   262
 Fire: Blowgun           |     3 |    33 |       ||    36
  Use: Scroll            |       |     5 |       ||     5
       Potion            |       |     3 |       ||     3
 Stab: Sleeping          |     8 |    19 |       ||    27
       Distracted        |       |     1 |       ||     1
  Eat: Chunk             |    10 |     8 |     1 ||    19
Armor: Robe              |    35 |    20 |     3 ||    58
Dodge: Dodged            |    87 |   121 |     8 ||   216
